 Dungeon Crawl Stone Soup version 0.32-a0-42-ga30500b4d3 (webtiles) character file.

Game seed: 6289163709007364561

192 grandjackal the Trooper (level 5, 0/42 HPs)
             Began as a Demonspawn Gladiator on Jan 29, 2024.
             Slain by a kobold
             ... wielding a +0 whip
              (5 damage)
             ... on level 3 of the Dungeon.
             The game lasted 00:02:24 (1756 turns).

grandjackal the Trooper (Demonspawn Gladiator)      Turns: 1756, Time: 00:02:25

Health: 0/42       AC:  4    Str: 15    XL:     5   Next: 42%
Magic:  5/5        EV: 13    Int:  8    God:
Gold:   151        SH:  0    Dex: 16    Spells: 4/4 levels left

rFire   . . .        c - +0 war axe (elec)
rCold   . . .        (no shield)
rNeg    . . .        b - +0 leather armour
rPois   .            (helmet restricted)
rElec   .            i - +0 cloak
rCorr   .            (no gloves)
SInv    .            (no boots)
Will    .....        (no amulet)
Stlth   +            (no ring)
HPRegen 0.27/turn    (no ring)
MPRegen 0.09/turn

%: no passive effects
@: mighty
A: antennae 1, powered by pain 1
a: no special abilities


You were on level 3 of the Dungeon.
You visited 1 branch of the dungeon, and saw 3 of its levels.

You collected 151 gold pieces.

Inventory:

Hand Weapons
 a - a +0 long sword
 c - a +0 war axe of electrocution (weapon)
Missiles
 d - 3 throwing nets (quivered)
 e - a javelin
 l - 8 poisoned darts
 m - 4 curare-tipped darts
Armour
 b - a +0 leather armour (worn)
 i - a +0 cloak (worn)
Wands
 k - a wand of roots (8)
Scrolls
 f - 2 scrolls of teleportation {unknown}
 h - 2 scrolls of amnesia {unknown}
 j - 2 scrolls of identify {unknown}
 n - a scroll of butterflies {unknown}
 q - a scroll of blinking {unknown}
Potions
 g - a potion of enlightenment {unknown}
 o - a potion of resistance {unknown}
 p - 2 potions of heal wounds {unknown}
 r - a potion of degeneration {unknown}
 s - 2 potions of invisibility {unknown}


   Skills:
 + Level 4.0 Fighting
 - Level 3.2 Long Blades
 + Level 2.3 Axes
 - Level 2.0 Throwing
 - Level 3.2 Dodging


You had 4 spell levels left.
You didn't know any spells.
Your spell library contained the following spells:

 Spells                   Type           Power      Damage    Failure   Level
 Magic Dart               Conj           0%         1d3       47%         1
 Blink                    Tloc           0%         N/A       63%         2
 Call Imp                 Summ           0%         N/A       63%         2
 Sublimation of Blood     Necr           0%         N/A       63%         2
 Summon Hydra             Summ           0%         N/A       100%        7


Dungeon Overview and Level Annotations

Branches:
Dungeon (3/15)

Altars:


Innate Abilities, Weirdness & Mutations

You have a pair of small antennae on your head.
You sometimes gain a little power by taking damage.


Message History

Lightning courses through the bombardier beetle!
You kill the bombardier beetle!
Your Fighting skill increases to level 4!
No target in view!
No target in view!
There is an open door here.
An orc comes into view. It is wielding a +0 hand axe.
An orc is nearby!
The orc shouts!
An orc comes into view. It is wielding a +0 war axe.
The orc shouts!
You hear a shout! x2
You barely miss the orc. The orc barely misses you.
An orc comes into view. It is wielding a +0 hand axe.
The orc hits you with a +0 hand axe.
You slash the orc!
You kill the orc!
A kobold comes into view. It is wielding a +0 whip.
The orc barely misses you.
You barely miss the orc. The orc hits you with a +0 war axe!
You focus on the pain.
You feel very mighty all of a sudden.
An orc priest comes into view. It is wielding a +0 flail.
The orc barely misses you. The orc hits you but does no damage.
You barely miss the orc. You closely miss the orc.
The orc hits you with a +0 war axe!
You focus on the pain.
You feel mightier all of a sudden. The orc hits you but does no damage.
You slash the orc!
You kill the orc!
You barely miss the orc.
The orc priest calls down the wrath of Beogh upon you.
Beogh smites you! The orc hits you but does no damage.
The orc priest invokes the aid of Beogh against you.
Pain shoots through your body!
* * * LOW HITPOINT WARNING * * *
You focus on the pain.
You feel mightier all of a sudden. The orc closely misses you.
The orc priest closely misses you. The kobold hits you with a +0 whip.
You die...

#. #.# ######
#.###########.....
#.........##..~~~~
####.........'...~≈≈~
.............##.~~≈≈~
..#............~≈≈~~
#..........#~~≈≈~#
#@o.)......#~≈≈~~#
.....'o.K.......†#~≈≈~##
.....##.........#~~≈≈~#
.... ..#########~≈≈~~#
### #### #~≈≈~## #~≈≈~#
#~≈≈~## #~≈≈~~# #~~≈≈~#


You could see an orc priest, an orc and a kobold.

Vanquished Creatures
  A bombardier beetle (D:3)
  An orc priest (D:3)
  2 orc wizards
  3 adders
  2 dart slugs
  7 orcs
  3 endoplasms
  A giant cockroach (D:3)
  2 goblins (D:1)
  4 hobgoblins
  5 jackals
  A quokka (D:1)
  A ball python (D:3)
  A bat (D:2)
  3 frilled lizards
  6 kobolds
  8 rats
51 creatures vanquished.

Notes
Turn   | Place    | Note
-------+----------+-------------------------------------------
     0 | D:1      | grandjackal the Demonspawn Gladiator began the quest for
                  | the Orb.
     0 | D:1      | Reached XP level 1. HP: 16/16 MP: 1/1
   187 | D:1      | Gained mutation: You sometimes gain a little power by
                  | taking damage. [demonic ancestry]
   187 | D:1      | Reached XP level 2. HP: 19/22 MP: 2/2
   661 | D:1      | Gained mutation: You have a pair of small antennae on your
                  | head. [demonic ancestry]
   661 | D:1      | Reached XP level 3. HP: 19/28 MP: 3/3
   947 | D:2      | Reached skill level 3 in Fighting
   990 | D:2      | Reached XP level 4. HP: 33/35 MP: 4/4
  1192 | D:2      | Reached skill level 1 in Axes
  1356 | D:3      | Reached XP level 5. HP: 33/42 MP: 5/5
  1713 | D:3      | Reached skill level 4 in Fighting
  1756 | D:3      | Slain by a kobold

Illustrated notes

Levels and vault maps discovered:
D:1:      ncdulo_watergridlock, layout_rooms, serial_corexii_hall,
          corexii_hall_statues_l, corexii_hall_statues_l
D:2:      layout_rooms
D:3:      wander_river, layout_basic, minmay_pentomino_pile

Skill      XL: |  1  2  3  4  5 |
---------------+----------------+-----
Throwing       | 2 |  2.0
Long Blades    | 3 |  3.2
Dodging        | 3 |  3.2
Fighting       | 3 4 |  4.0
Axes           | 1 2 |  2.3

Action                     |  1- 3 |  4- 6 || total
---------------------------+-------+-------++-------
  Melee: Long sword        |    89 |    63 ||   152
         Punch             |       |     1 ||     1
         War axe           |       |    18 ||    18
   Stab: Sleeping          |       |     1 ||     1
 Armour: Leather armour    |    58 |    43 ||   101
  Dodge: Dodged            |    64 |    64 ||   128

Table legend: (Time is in decaauts)
 A = Elapsed time spent in this place.
 B = Non-inter-level travel time spent in this place.
 C = Inter-level travel time spent in this place.
 D = Time resting spent in this place.
 E = Time spent auto-exploring this place.
 F = Levels seen in this place.
 G = Mean time per level.
                   A        B        C        D        E       F      G
               +--------+--------+--------+--------+--------+-----+--------+
         Total |   1822 |   1734 |     88 |    191 |   1089 |   3 |  607.3 |
       Dungeon |   1822 |   1734 |     88 |    191 |   1089 |   3 |  607.3 |
               +--------+--------+--------+--------+--------+-----+--------+

Top non-repeatable levels by time:
     D:1: 745 daAuts
     D:2: 540 daAuts
     D:3: 536 daAuts
